 Dungeon Crawl Stone Soup version 0.15-a0-1936-gbed3715 (console) character file.

56 Riskier the Stinger (level 3, -3/14 HPs)
             Began as a Felid Venom Mage on July 8, 2014.
             Killed from afar by an orc wizard (7 damage)
             ... with a puff of flame
             ... on Level 4 of the Dungeon.
             The game lasted 00:05:24 (706 turns).

Riskier the Stinger (Felid Venom Mage)               Turns: 706, Time: 00:05:24

HP  -3/14        AC  1     Str  5      XL: 3   Next: 69%
MP   1/8         EV 18     Int 16      God:
Gold 48          SH  0     Dex 16      Spells:  3 memorised,  0 levels left
Lives: 0, deaths: 0

rFire  . . .     SeeInvis +     (weapon unavailable)
rCold  . . .     Clarity  .     (armour unavailable)
rNeg   . . .     rCorr    .     (shield unavailable)
rPois  .         rRot     .     (helmet unavailable)
rElec  .         Spirit   .     (cloak unavailable)
SustAb .         Warding  .     (gloves unavailable)
rMut   .         Stasis   .     (boots unavailable)
Gourm  .                        (no amulet)
MR     .....                    (no ring)
                                (no ring)

@: quick, not resistant to hostile enchantments, fairly stealthy
A: paw claws, no armour, no weapons or thrown items, fangs 3, see invisible,
carnivore 3, speed 1, shaggy fur 1, slow metabolism 1, jump 1
a: Jump Attack


You were on level 4 of the Dungeon.
You were very full.

You visited 1 branch of the dungeon, and saw 5 of its levels.

You collected 48 gold pieces.

Inventory:

Comestibles
 a - a rotting chunk of orc flesh
 c - a meat ration
Potions
 d - a potion of resistance
 e - a potion of curing {unknown}
Books
 b - a Young Poisoner's Handbook

   Spells                             Type                      Level
   *Sting                             Conjuration/Poison           1
   *Cure Poison                       Poison                       2
   *Mephitic Cloud                    Conjuration/Poison/Air       3
   Olgreb's Toxic Radiance            Poison                       4
   Venom Bolt                         Conjuration/Poison           5


   Skills:
 - Level 2.6 Dodging
 - Level 2.6 Stealth
 - Level 2.0 Spellcasting
 + Level 2.9 Conjurations
 * Level 0.6 Air Magic
 - Level 3.6 Poison Magic


You couldn't memorise any spells.
You knew the following spells:

 Your Spells              Type           Power        Failure   Level  Hunger
a - Sting                 Conj/Pois      ##..         8%          1    #......
b - Cure Poison           Pois           ##........   10%         2    ###....
c - Mephitic Cloud        Conj/Pois/Air  #.......     28%         3    ####...


Dungeon Overview and Level Annotations

Branches:
Dungeon (5/15)
 Temple: D:4-7

Altars:
Fedhas


Innate Abilities, Weirdness & Mutations

You cannot wear armour.
You are incapable of wielding weapons or throwing items.
Your paws have sharp claws.
You have razor-sharp teeth.
You have supernaturally acute eyesight.
You are carnivorous and can eat meat at any time.
You cover ground quickly.
You are covered in fur (AC +1).
You have a slow metabolism.
You can jump attack at a short distance.


Message History

Here: an orc wizard, wielding a runed dagger and wearing a robe (heavily wounded, poisoned, bewildered and confused)
The floor.
Unknown command.
Unknown command.
You kill the goblin!
The orc wizard looks braver.
The orc hits the orc wizard.
The orc wizard hits the orc wizard with a runed dagger.
The orc wizard is poisoned.
Press: ? - help, v - describe, . - travel
Here: an orc (moderately wounded, bewildered and confused)
The floor.
Unknown command.
You open the door.
The orc wizard hits the orc with a dagger of venom.
The orc is poisoned.
The orc wizard casts a spell at you. The puff of flame hits you!
Ouch! That really hurt!
You die...

.....# +.......... ..# o....+
#.......... ...#### .....#
#........##+####......$
.....#+####........#.....#.......
..g..o..%...>......#.....#.......
...................+.....#.......
..........oo.......# ....+.......
.............o.....# #..#.......
+######+#.....##@###+##..##'##
..... #.....+......#...'...+ ....
+.....#......'...#...# ..#
##.....##+##..###.###+# ..##
#..........#..###.## ...+
#..........'.......# .<.#
+..........#.......+
##'###+#............#+###+#
...........##'######...


You could see 2 orc wizards and an orc (confused).

Vanquished Creatures
  An iguana (D:4)
  A giant gecko (D:4)
  2 orcs (D:3)
  A ball python (D:3)
  5 bats
  3 hobgoblins
  A jackal (D:3)
  2 kobolds
  A quokka (D:3)
  2 giant newts
  2 goblins (D:4)
21 creatures vanquished.

Notes
Turn   | Place    | Note
--------------------------------------------------------------
     0 | D:1      | Riskier, the Felid Venom Mage, began the quest for the Orb.
     0 | D:1      | Reached XP level 1. HP: 7/7 MP: 4/4
   120 | D:3      | Reached skill level 1 in Conjurations
   230 | D:3      | Reached XP level 2. HP: 6/11 MP: 1/5
   254 | D:3      | Learned a level 2 spell: Cure Poison
   369 | D:4      | Reached XP level 3. HP: 12/14 MP: 0/8
   374 | D:4      | Learned a level 3 spell: Mephitic Cloud
   409 | D:3      | Found a blossoming altar of Fedhas.
   676 | D:5      | Entered Level 5 of the Dungeon
   706 | D:4      | Killed from afar by an orc wizard

Action                   || total
-------------------------++-------
Melee: Unarmed           ||    32
 Cast: Sting             ||    31
       Mephitic Cloud    ||     1
  Use: Scroll            ||     4
 Stab: Sleeping          ||     2
  Eat: Chunk             ||     7
